 Dungeon Crawl Stone Soup version 0.29.1-13-g9f3cf754e1 (webtiles) character file.

Game seed: 4312590921186665799

27 javelincjr the Conjurer (level 2, 0/19 HPs)
             Began as a Demonspawn Conjurer on Feb 8, 2023.
             Was a Follower of Uskayaw.
             Succumbed to an adder's poison
             ... on level 2 of the Dungeon.
             The game lasted 00:05:01 (1928 turns).

javelincjr the Conjurer (Demonspawn Conjurer)       Turns: 1928, Time: 00:05:02

Health: 0/19       AC:  2    Str:  5 (7)  XL:     2   Next: 93%
Magic:  2/5        EV: 12    Int: 16 (19) God:    Uskayaw [*.....]
Gold:   52         SH:  0    Dex: 10 (11) Spells: 4/5 levels left

rFire   . . .      SeeInvis .   d - +0 dagger
rCold   . . .      Faith    .   (no shield)
rNeg    . . .      Spirit   .   a - +0 robe
rPois   .          Reflect  .   (helmet restricted)
rElec   .          Harm     .   (no cloak)
rCorr   .          Rampage  .   (no gloves)
Will    .....                   (no boots)
Stlth   ++........              (no amulet)
HPRegen 0.06/turn               (no ring)
MPRegen 0.09/turn               (no ring)

@: lethally poisoned (0 -> -6)
A: horns 1
a: Renounce Religion, Stomp


You were on level 2 of the Dungeon.
You worshipped Uskayaw.
Uskayaw was noncommittal.
You visited 1 branch of the dungeon, and saw 2 of its levels.

You collected 52 gold pieces.

Inventory:

Hand Weapons
 c - a +0 club
 d - a +0 dagger (weapon)
Missiles
 e - 24 stones
Armour
 a - a +0 robe (worn)
Scrolls
 f - a scroll of fear {unknown}
 g - 2 scrolls of identify {unknown}
Potions
 b - a potion of magic


   Skills:
 + Level 0.1 Fighting
 + Level 0.3 Short Blades
 + Level 2.0 Dodging
 + Level 2.1 Stealth
 + Level 2.0 Spellcasting
 + Level 4.5 Conjurations


You had 4 spell levels left.
You knew the following spells:

 Your Spells              Type           Power      Damage    Failure   Level
a - Magic Dart            Conj           64%        1d6       3%          1

Your spell library contained the following spells:

 Spells                   Type           Power      Damage    Failure   Level
 Searing Ray              Conj           32%        2d5       4%          2
 Dazzling Flash           Conj/Hex       16%        N/A       24%         3
 Fulminant Prism          Conj/Hex       4%         3d6       63%         4
 Iskenderun's Mystic Bla  Conj/Tloc      8%         2d4       63%         4
 Chain Lightning          Conj/Air       4%         3d5       100%        9
 Fire Storm               Conj/Fire      4%         8d1       100%        9
 Shatter                  Erth           0%         3d5*      100%        9


Dungeon Overview and Level Annotations

Branches:
Dungeon (2/15)

Altars:
Uskayaw


Innate Abilities, Weirdness & Mutations

You have a pair of small horns on your head.


Message History

You hit the adder but do no damage. Your headbutt misses the adder.
The adder bites you.
You are poisoned.
The adder poisons you!
You hit the adder but do no damage. Your headbutt misses the adder.
You feel sick. The adder misses you. The adder bites you.
You miss the adder. You headbutt the adder.
The adder is heavily wounded.
You feel sick. The adder barely misses you.
You can now pass through a line of other dancers.
You miss the adder.
The adder is heavily wounded.
You feel sick. The adder bites you.
You are lethally poisoned!
The adder poisons you!
You are too injured to fight recklessly!
Casting: Magic Dart (safe; 2% risk of failure)
Confirm with . or Enter, or press ? or * to list all spells.
Okay, then.
You stomp with the beat, sending a shockwave through the revellers around you!
The adder is severely wounded.
You can no longer pass through a line of other dancers.
* * * LOW HITPOINT WARNING * * *
You feel very sick. The adder barely misses you.
The adder bites you but does no damage.
You hit the adder but do no damage. Your headbutt misses the adder.
The adder is severely wounded.
* * * LOW HITPOINT WARNING * * *
You feel sick. The adder misses you.
You closely miss the adder.
The adder is severely wounded.
* * * LOW HITPOINT WARNING * * *
You feel sick.
A kobold comes into view. It is wielding a +0 whip.
The adder bites you.
* * * LOW HITPOINT WARNING * * *
It was a potion of degeneration.
There was something very wrong with that liquid.
You feel weakened.
You feel dopey.
You feel clumsy.
You die...

....... ... .......####..
............... ...........
.. ... K.........#.... ...
..........#....## ....
.......S......... ...
.###@#.# ..
####.####.#.!.#.##.####
.........<..............>
....[......#)#.###.##....
........##.# #......# # # ##
........##.#.#####..#.#.#...
........##.#.# #.........
........##.#.# #.###..#.#.
.......#..#.#####..........


You could see an adder and a kobold (wandering).

Vanquished Creatures
  3 ball pythons (D:1)
  2 endoplasms (D:1)
  2 hobgoblins (D:1)
  5 jackals (D:1)
  2 kobolds (D:1)
  A quokka (D:2)
  5 goblins
  3 rats (D:1)
23 creatures vanquished.

Notes
Turn   | Place    | Note
-------+----------+-------------------------------------------
     0 | D:1      | javelincjr the Demonspawn Conjurer began the quest for the
                  | Orb.
     0 | D:1      | Reached XP level 1. HP: 13/13 MP: 3/3
   287 | D:1      | Gained mutation: You have a pair of small horns on your
                  | head. [demonic ancestry]
   287 | D:1      | Reached XP level 2. HP: 19/19 MP: 1/5
   418 | D:1      | Found a faded altar of an unknown god.
   433 | D:1      | Prayed at the altar of an unknown god.
   433 | D:1      | Became a worshipper of Uskayaw the Reveller
   433 | D:1      | Reached * piety under Uskayaw
   493 | D:1      | Reached ** piety under Uskayaw
   500 | D:1      | Reached *** piety under Uskayaw
   511 | D:1      | Reached **** piety under Uskayaw
  1928 | D:2      | Succumbed to an adder's poison

Illustrated notes

Levels and vault maps discovered:
D:1:      tarquinn_simple_flora_water_a, layout_basic,
          shapermc_ecumenical_altar_gd, minmay_surrounded
D:2:      layout_basic, hangedman_decor_growths, uniq_robin

Skill      XL: |  1  2 |
---------------+-------+-----
Stealth        | 2 |  2.1
Dodging        | 2 |  2.0
Fighting       | |  0.1
Short Blades   | |  0.3
Spellcasting   | |  2.0
Conjurations   | |  4.5

Action                   || total
-------------------------++-------
Melee: Club              ||    17
       Dagger            ||    49
       Headbutt          ||     5
 Cast: Magic Dart        ||    17
Invok: Stomp             ||     1
  Use: Potion            ||     1
 Stab: Sleeping          ||     4
       Paralysed         ||     1
Armor: Robe              ||    12
Dodge: Dodged            ||    45
